 Dungeon Crawl Stone Soup version 0.20.1-1-g8b1a95d (webtiles) character file.

117 polve the Slasher (level 4, -3/35 HPs)
             Began as a Demonspawn Abyssal Knight on July 6, 2017.
             Was a Follower of Lugonu.
             Slain by vishdafish's ghost (9 damage)
             ... on level 3 of the Dungeon.
             The game lasted 00:03:44 (4401 turns).

polve the Slasher (Demonspawn Abyssal Knight)       Turns: 4401, Time: 00:03:45

Health: -3/35      AC:  6    Str: 14    XL:     4   Next: 71%
Magic:  5/5        EV: 11    Int: 14    God:    Lugonu [*.....]
Gold:   86         SH:  0    Dex: 13    Spells: 3/3 levels left

rFire    + . .     SeeInvis .   a - +1 falchion
rCold    . . .     Gourm    .   (no shield)
rNeg     . . .     Faith    .   b - +0 leather armour
rPois    .         Spirit   .   (no helmet)
rElec    .         Reflect  .   h - +0 cloak
rCorr    .         Harm     .   (no gloves)
MR       .....     Rnd*Rage +   (no boots)
Stlth    +.........             (no amulet)
Regen    0.2/turn               (no ring)
MPRegen  0.1/turn               (no ring)

@: no status effects
A: talons 1, thin metallic scales 1, berserk 1, fire resistance 1, strong 1,
evolution 1, flame cloud immunity
a: Depart the Abyss, Renounce Religion


You were on level 3 of the Dungeon.
You worshipped Lugonu.
Lugonu was aware of your devotion.
You were not hungry.

You visited 1 branch of the dungeon, and saw 3 of its levels.
You visited the Abyss 1 time.

You collected 86 gold pieces.

Inventory:

Hand Weapons
 a - a +1 falchion (weapon)
Armour
 b - a +0 leather armour (worn)
 h - a +0 cloak (worn)
Jewellery
 m - an uncursed ring of stealth {unknown}
Scrolls
 d - 3 scrolls of magic mapping {unknown}
 e - a scroll of recharging {unknown}
 f - 4 scrolls of identify {unknown}
 g - 3 scrolls of teleportation {unknown}
 i - 3 scrolls of enchant weapon {unknown}
 l - 4 scrolls of remove curse {unknown}
 n - a scroll of blinking {unknown}
 o - a scroll of random uselessness {unknown}
 p - a scroll of fog {unknown}
Comestibles
 c - 3 bread rations
 j - 2 meat rations
 k - 3 chunks of flesh


   Skills:
 - Level 3.0 Fighting
 + Level 4.5 Long Blades
 - Level 1.7 Armour
 - Level 0.8 Dodging
 - Level 2.4 Invocations


You had 3 spell levels left.
You didn't know any spells.

Dungeon Overview and Level Annotations

Branches:
Dungeon (3/15)

Altars:
Elyvilon

Annotations:
D:3 vishdafish's ghost, amateur GrFi


Innate Abilities, Weirdness & Mutations

You are partially covered in thin metallic scales. (AC +2)
Your flesh is heat resistant. (rF+)
You are immune to clouds of flame.
You have sharp toenails.
You tend to lose your temper in combat.
Your muscles are strong. (Str +2)
You evolve.


Message History

You claw vishdafish's ghost, but do no damage.
Vishdafish's ghost is moderately damaged.
Vishdafish's ghost hits you.
You closely miss vishdafish's ghost. You claw vishdafish's ghost.
Vishdafish's ghost is moderately damaged.
Vishdafish's ghost hits you!
* * * LOW HITPOINT WARNING * * *
You barely miss vishdafish's ghost. Your kick misses vishdafish's ghost.
Vishdafish's ghost is moderately damaged.
Vishdafish's ghost hits you!
* * * LOW HITPOINT WARNING * * *
Vishdafish's ghost hits you but does no damage.
You hit vishdafish's ghost.
You claw vishdafish's ghost, but do no damage.
Vishdafish's ghost is moderately damaged.
Vishdafish's ghost hits you.
* * * LOW HITPOINT WARNING * * *
There is a stone staircase leading up here.
Vishdafish's ghost hits you!
You die...

...........#######...#......
.........................>..
#.###.#..................(..
#...#..................... #
#...#.....................
.#.#................<........
.......#.....####+####.......
.......#...#.#...............
.......#.)..@......###.......
............W................
...................###.......
.......#.....................
.......#.#..#................
..........#.#...................
.......##.#...(............##...
.......####................##...
...........................##...


You could see vishdafish's ghost.

Vanquished Creatures
  Crazy Yiuf (D:2)
  3 adders
  An ooze (D:2)
  3 worms
  A leopard gecko (D:2)
  3 ball pythons
  5 bats
  4 giant cockroaches
  2 hobgoblins
  2 quokkas (D:2)
  5 frilled lizards
  4 goblins
  8 kobolds
  8 rats
50 creatures vanquished.

Notes
Turn   | Place    | Note
-------+----------+-------------------------------------------
     0 | Abyss:1  | polve the Demonspawn Abyssal Knight began the quest for the Orb.
     0 | Abyss:1  | Reached XP level 1. HP: 18/18 MP: 2/2
    22 | Abyss:1  | Found a corrupted altar of Lugonu.
   105 | Abyss:1  | Found a corrupted altar of Lugonu.
   110 | Abyss:1  | Found a corrupted altar of Lugonu.
   197 | Abyss:1  | Found a corrupted altar of Lugonu.
   334 | Abyss:1  | Found a corrupted altar of Lugonu.
   398 | Abyss:1  | Found a corrupted altar of Lugonu.
   511 | Abyss:1  | Noticed a small abomination
   556 | Abyss:1  | Noticed an ancient zyme
   587 | D:1      | Escaped the Abyss
   709 | D:1      | Reached skill level 2 in Long Blades
   839 | D:1      | Gained mutation: Your flesh is heat resistant. (rF+) [demonic ancestry]
   839 | D:1      | Reached XP level 2. HP: 20/24 MP: 3/3
  2053 | D:2      | Reached skill level 3 in Long Blades
  2053 | D:2      | Gained mutation: You are partially covered in thin metallic scales. (AC +2) [demonic ancestry]
  2053 | D:2      | Reached XP level 3. HP: 19/29 MP: 4/4
  2598 | D:2      | Reached * piety under Lugonu
  3188 | D:2      | Found a runed door.
  3494 | D:2      | Gained mutation: Your muscles are strong. (Str +2) [potion of mutation]
  3494 | D:2      | Gained mutation: You tend to lose your temper in combat. [potion of mutation]
  3494 | D:2      | Gained mutation: You evolve. [potion of mutation]
  3496 | D:2      | Noticed Crazy Yiuf
  3502 | D:2      | Killed Crazy Yiuf
  3502 | D:2      | Reached skill level 4 in Long Blades
  3502 | D:2      | Gained mutation: You are immune to clouds of flame. [demonic ancestry]
  3502 | D:2      | Reached XP level 4. HP: 24/35 MP: 5/5
  4144 | D:3      | Noticed vishdafish's ghost (amateur GrFi)
  4287 | D:3      | Found a white marble altar of Elyvilon.
  4318 | D:3      | Gained mutation: You have sharp toenails. [evolution]
  4401 | D:3      | Slain by vishdafish's ghost

Skill      XL: |  1  2  3 |
---------------+----------+-----
Long Blades    | 2 3 4 |  4.5
Fighting       | |  3.0
Armour         | |  1.7
Dodging        | |  0.8
Invocations    | |  2.4

Action                   |  1- 3 |  4- 6 || total
-------------------------+-------+-------++-------
Melee: Falchion          |   102 |    62 ||   164
       Kick              |       |     7 ||     7
Invok: Depart the Abyss  |     1 |       ||     1
  Use: Potion            |     3 |     1 ||     4
 Stab: Sleeping          |     2 |       ||     2
  Eat: Chunk             |     8 |     3 ||    11
Armor: Leather armour    |    41 |    19 ||    60
Dodge: Dodged            |    62 |    29 ||    91
       Rpst.: Falchion   |    15 |     4 ||    19
